 Dungeon Crawl Stone Soup version 0.27-a0-328-g7f782ed93a (webtiles) character file.

Game seed: 6815898461096434514

7 CurlyBrace the Caller (level 1, -1/8 HPs)
             Began as a Felid Summoner on Feb 11, 2021.
             Slain by an adder (4 damage)
             ... on level 3 of the Dungeon.
             The game lasted 00:01:39 (215 turns).

CurlyBrace the Caller (Felid Summoner)               Turns: 215, Time: 00:01:40

Health: -1/8       AC:  1    Str:  4    XL:     1   Next: 91%
Magic:  3/4        EV: 18    Int: 16    God:
Gold:   0          SH:  0    Dex: 16    Spells: 3/4 levels left
                                        Lives:  0   Deaths: 0

rFire    . . .     SeeInvis +   (weapon unavailable)
rCold    . . .     Faith    .   (shield unavailable)
rNeg     . . .     Spirit   .   (armour unavailable)
rPois    .         Reflect  .   (helmet unavailable)
rElec    .         Harm     .   (cloak unavailable)
rCorr    .         Rampage  .   (gloves unavailable)
Will     .....                  (boots unavailable)
Stlth    +++.......             (no amulet)
HPRegen  0.02/turn              (no ring)
MPRegen  0.09/turn              (no ring)

@: quick
A: very small, no armour, no weapons or thrown items, stealth, claws 1, fangs 3,
see invisible, speed 1, shaggy fur 1, sharp paws
a: no special abilities


You were on level 3 of the Dungeon.
You visited 1 branch of the dungeon, and saw 4 of its levels.

You aren't carrying anything.


   Skills:
 * Level 0.7 Fighting
 + Level 2.9 Dodging
 + Level 2.9 Stealth
 * Level 0.7 Unarmed Combat
 - Level 2.0 Spellcasting
 - Level 4.0 Summonings


You had 3 spell levels left.
You knew the following spells:

 Your Spells              Type           Power        Failure   Level
a - Summon Small Mammal   Summ           56%          4%          1

Your spell library contained the following spells:

 Spells                   Type           Power        Failure   Level
 Call Imp                 Summ           14%          6%          2
 Call Canine Familiar     Summ           14%          12%         3
 Summon Guardian Golem    Hex/Summ       8%           26%         3
 Summon Ice Beast         Ice/Summ       8%           65%         4
 Summon Lightning Spire   Summ/Air       8%           65%         4


Dungeon Overview and Level Annotations

Branches:
Dungeon (4/15)
 Temple: D:4-7

Altars:
Elyvilon
Vehumet

Annotations:
D:3 Ijyb


Innate Abilities, Weirdness & Mutations

You cannot wear armour.
You are incapable of wielding weapons or throwing items.
Your paws allow you to move quietly. (Stealth)
You have sharp claws.
You have razor-sharp teeth.
You have supernaturally acute eyesight. (SInv)
You cover ground quickly.
You are covered in fur. (AC +1)
Your sharp claws are effective at attacking unaware monsters.


Message History

Casting: Summon Small Mammal (safe; 4% risk of failure)
Confirm with . or Enter, or press ? or * to list all spells.
The adder closely misses your rat. The hobgoblin misses you.
You closely miss the hobgoblin.
The hobgoblin is heavily wounded.
The adder bites your rat.
Your rat dies!
Your rat's corpse disappears in a puff of smoke!
The hobgoblin barely misses you.
You barely miss the hobgoblin. You bite the hobgoblin.
You kill the hobgoblin!
You see here a hobgoblin corpse.
Unknown command.
You aren't carrying any potions.
Unknown command.
You aren't carrying any scrolls.
Unknown command.
An orc comes into view.
Casting: Summon Small Mammal (safe; 4% risk of failure)
Confirm with . or Enter, or press ? or * to list all spells.
The adder misses you.
Unknown command.
You barely miss the adder. The adder completely misses you.
The adder barely misses you.
Unknown command.
You scratch the adder.
The adder is moderately wounded.
Your quokka closely misses the adder.
The adder misses you.
Unknown command.
Unknown command.
You closely miss the adder.
The adder is moderately wounded.
The orc shouts!
The adder completely misses you.
Your quokka bites the adder.
Unknown command.
You scratch the adder.
The adder is almost dead.
The adder bites you.
Ouch! That really hurt!
You die...

.(rS.... .rg.....
.... ###.##.#
#o... ....# ...#
...## #..# ##.#
#..# #.# #..# #.#
.#####..##### #.#
.......r@...#
##.####
#####.S#####
......########..#
##..............#
#.############.#
#.# #.# ##.## #.#
....# #†# ###S#
#.#


You could see an adder, an orc and a friendly quokka (summoned).

Vanquished Creatures
  2 goblins (D:2)
  A hobgoblin (D:3)
  2 kobolds
  2 rats
7 creatures vanquished.

Notes
Turn   | Place    | Note
-------+----------+-------------------------------------------
     0 | D:1      | CurlyBrace the Felid Summoner began the quest for the Orb.
     0 | D:1      | Reached XP level 1. HP: 7/7 MP: 4/4
    59 | D:3      | Found a radiant altar of Vehumet.
    59 | D:3      | Found a white marble altar of Elyvilon.
   135 | D:3      | Noticed Ijyb
   138 | D:3      | Paralysed by Ijyb for 4 turns
   215 | D:3      | Slain by an adder

Illustrated notes

Levels and vault maps discovered:
D:1:      tarquinn_simple_flora_water_b, layout_basic, evilmike_ruin_ashenzari
D:2:      layout_rooms, minmay_mini_jars
D:3:      layout_basic, gammafunk_temple_overflow_wave, gup_sewer_entry_bowl,
          uniq_ijyb
D:4:      layout_basic, old_standard_altar, minmay_temple_entry_waves,
          serial_shops, kennysheep_mini_moat, shop, shop_coins, shop, shop

Action                   || total
-------------------------++-------
Melee: Unarmed           ||    40
       Bite              ||     3
 Cast: Summon Small Mamm ||     6
Armor: Skin              ||     1
Dodge: Dodged            ||    32

Table legend: (Time is in decaauts)
 A = Elapsed time spent in this place.
 B = Non-inter-level travel time spent in this place.
 C = Inter-level travel time spent in this place.
 D = Time resting spent in this place.
 E = Time spent auto-exploring this place.
 F = Levels seen in this place.
 G = Mean time per level.
                   A        B        C        D        E       F      G
               +--------+--------+--------+--------+--------+-----+--------+
         Total |    190 |    190 |      0 |      0 |      0 |   4 |   47.5 |
       Dungeon |    190 |    190 |      0 |      0 |      0 |   4 |   47.5 |
               +--------+--------+--------+--------+--------+-----+--------+

Top non-repeatable levels by time:
     D:3: 139 daAuts
     D:2: 38 daAuts
     D:1: 11 daAuts
     D:4: 1 daAuts
